 Dungeon Crawl Stone Soup version 0.28-a0-653-g7e9dba17c3 (webtiles) character file.

Game seed: 6624329785993964713

73458 Armakuni the Severer (level 15, -1/104 (115) HPs)
             Began as a Human Necromancer on Oct 9, 2021.
             Was a Priest of Ru.
             Slain by a +5 long sword (6 damage)
             ... on level 14 of the Dungeon on Oct 11, 2021.
             The game lasted 01:29:06 (33492 turns).

Armakuni the Severer (Human Necromancer)           Turns: 33492, Time: 01:29:07

HP:   -1/104 (115)  AC: 17    Str: 15    XL:     15   Next: 90%
MP:   29/29         EV: 18    Int: 15    God:    Ru [***...]
Gold: 3190          SH:  0    Dex: 17    Spells: 21/34 levels left

rFire   . . .      SeeInvis .   a - +4 battleaxe (drain)
rCold   . . .      Faith    .   (shield currently unavailable)
rNeg    . . .      Spirit   .   c - +1 acid dragon scales
rPois   +          Reflect  .   u - +1 helmet
rElec   .          Harm     .   d - +1 cloak
rCorr   +          Rampage  .   g - +2 pair of gloves {Dex+3}
Will    +....                   i - +0 pair of boots
Stlth   +++.......              M - amulet of magic regeneration
HPRegen 0.27/turn               B - +4 ring of evasion
MPRegen 0.46/turn               w - ring of poison resistance

@: exhausted, about to teleport, drained
A: inability to use devices
a: Renounce Religion, Sacrifice a Hand, Sacrifice Stealth, Sacrifice Essence,
Reject Sacrifices, Draw Out Power


You were on level 14 of the Dungeon.
You worshipped Ru.
Ru was most pleased with you.
You visited 3 branches of the dungeon, and saw 22 of its levels.

You collected 3190 gold pieces.

Inventory:

Hand Weapons
 a - a +4 battleaxe of draining (weapon)
 b - a +4 war axe of electrocution
 f - a +7 war axe of flaming
Missiles
 l - 9 javelins
 x - 3 boomerangs of dispersal
 E - 2 curare-tipped darts
Armour
 c - +1 acid dragon scales (worn)
 d - a +1 cloak (worn)
 g - a +2 pair of gloves of dexterity (worn)
 i - a +0 pair of boots (worn)
 o - a +0 chain mail of willpower
 u - a +1 helmet (worn)
 G - a +0 buckler
Jewellery
 w - a ring of poison resistance (right hand)
 B - a +4 ring of evasion (left hand)
 D - a ring of protection from fire
 J - a ring of protection from cold
 K - a ring of resist corrosion
 L - a ring of flight
 M - an amulet of magic regeneration (around neck)
Scrolls
 m - 3 scrolls of magic mapping
 n - 3 scrolls of noise
 s - 4 scrolls of amnesia
 t - a scroll of enchant armour
 v - 11 scrolls of identify
 y - a scroll of teleportation
 z - a scroll of fear
 F - a scroll of fog
 H - a scroll of silence
 X - 2 scrolls of brand weapon
Potions
 e - 2 potions of mutation
 h - 5 potions of lignification
 k - 2 potions of ambrosia
 p - 2 potions of flight
 q - 6 potions of curing
 r - 2 potions of magic
 A - 2 potions of haste
 C - a potion of cancellation


   Skills:
 - Level 10.0 Fighting
 - Level 16.0 Axes
 - Level 5.7 Armour
 - Level 5.7 Dodging
 + Level 7.3 Stealth
 - Level 10.0 Spellcasting
 - Level 10.0 Necromancy


You had 21 spell levels left.
You knew the following spells:

 Your Spells              Type           Power      Damage    Failure   Level
a - Animate Dead          Necr           18%        N/A       2%          4
p - Pain                  Necr           100%       1d9       1%          1
z - Vampiric Draining     Necr           18%        2d8       1%          3
A - Agony                 Necr           37%        N/A       6%          5

Your spell library contained the following spells:

 Spells                   Type           Power      Damage    Failure   Level
 Animate Skeleton         Necr           74%        N/A       1%          1
 Sting                    Tmut/Pois      28%        1d4       13%         1
 Poisonous Vapours        Pois/Air       14%        N/A       21%         2
 Conjure Flame            Conj/Fire      7%         6-21      36%         3
 Ignite Poison            Fire/Tmut/Pois 7%         N/A       36%         3
 Stone Arrow              Conj/Erth      14%        3d7       36%         3
 Animate Armour           Summ/Erth      14%        N/A       78%         4
 Olgreb's Toxic Radiance  Pois           7%         N/A       78%         4
 Sticky Flame             Conj/Fire      7%         2d3       78%         4
 Simulacrum               Ice/Necr       11%        N/A       95%         6
 Blade Hands              Tmut           3%         N/A       98%         5
 Freezing Cloud           Conj/Ice/Air   3%         6-21      98%         5
 Irradiate                Conj/Tmut      3%         3d15      98%         5
 Summon Forest            Summ/Tloc      3%         N/A       98%         5
 Summon Mana Viper        Hex/Summ       7%         N/A       98%         5
 Summon Cactus Giant      Summ           3%         N/A       100%        6
 Dragon Form              Tmut           3%         N/A       100%        7
 Lehudib's Crystal Spear  Conj/Erth      3%         10d3      100%        8
 Polar Vortex             Ice            3%         N/A       100%        9


Dungeon Overview and Level Annotations

Branches:
Dungeon (14/15)            Temple (0/1) D:6            Lair (6/6) D:11
  Swamp (0/4) Lair:4        Snake (0/4) Lair:4        Slime (0/5) Lair:5
    Orc (2/2) D:10            Elf (0/3) Orc:2        Vaults (0/5) D:14

Altars:
Ashenzari
Cheibriados
Dithmenos
Elyvilon
Makhleb
Nemelex Xobeh
Okawaru
Ru
Sif Muna
Trog
Uskayaw
Vehumet
Wu Jian
The Shining One

Shops:
D:7 [

Portals:
Hell: Lair:6
Trove: D:13 (give +6 demon whip)

Annotations:
D:2 1 exclusion
D:3 Grinder
Lair:1 1 runed translucent door
Orc:1 2 transporters, Qeulocw's ghost, journeyman TrFi


Innate Abilities, Weirdness & Mutations

You cannot study or use magical devices.


Message History

The +5 long sword hits you but does no damage.
You miss the +5 long sword. The +5 long sword hits you!
You slash the +5 long sword!
The +5 long sword is heavily damaged.
The +5 long sword closely misses you.
You miss the +5 long sword.
The +5 long sword is heavily damaged.
The +5 long sword hits you! x2
You closely miss the +5 long sword.
The +5 long sword is heavily damaged.
The +5 long sword barely misses you.
Okay, then.
Unknown command.
You are restored by drawing out deep reserves of power within.
You feel drained. The +5 long sword hits you. The +5 long sword hits you!!
You barely miss the +5 long sword.
The +5 long sword is heavily damaged.
The +5 long sword hits you!
You closely miss the +5 long sword.
The +5 long sword is heavily damaged.
The +5 long sword hits you but does no damage.
The +5 long sword hits you!
You miss the +5 long sword.
The +5 long sword is moderately damaged.
The +5 long sword hits you but does no damage.
You barely miss the +5 long sword.
The +5 long sword is moderately damaged.
The +5 long sword hits you.
The +5 long sword hits you but does no damage.
You hit the +5 long sword but do no damage.
The +5 long sword is moderately damaged.
The +5 long sword hits you! The +5 long sword hits you!
* * * LOW HITPOINT WARNING * * *
You see here a +0 mace.
As you read the scroll of teleportation, it crumbles to dust.
You feel strangely unstable. The +5 long sword hits you!
* * * LOW HITPOINT WARNING * * *
The +5 long sword hits you.
You die...

.#####
##....###.<#### #.#
.### #....#....## #..
...######....#.####
####..
....#..........#
#.....
#........<...### ###
#..##.#
#.#.........## .. #..
#.# #.#......(######
.# ... #..
....#.#.#......####.#
.. #.#
....#...######..@(..#
. #.# #.......#
######.#####.## #.#
#.###...#
...............# #.#
..# ##..#
.#####.........# #.#
.## #..# #.........#
#.# .# #..#
#.........# #. .# .
#...#.#.... .#
#..##.##... .# #..$
∩# .?<


You could see a +5 long sword.

Vanquished Creatures
  Rupert (D:12)
  Gastronok (Lair:2)
  Agnes (D:14)
  Nessos (Lair:5)
  A dire elephant (Lair:6)
  Snorg (D:12)
  Fannar (D:11)
  10 hydras
  4 boulder beetles (D:13)
  A catoblepas (Lair:6)
  A centaur warrior (D:14)
  3 two-headed ogres
  11 death yaks
  Urug (D:11)
  Sonja (D:13)
  A sixfirhy (Lair:6)
  2 wizards
  An orc knight (D:10)
  A manticore (D:11)
  An oklob plant (Lair:3)
  An ugly thing (D:11)
  Joseph (D:8)
  8 elephants
  Maurice (D:8)
  6 black mambas
  A gargoyle (D:14)
  A smoke demon (Lair:6)
  16 cane toads
  3 orange demons (Lair:6)
  Psyche (D:8)
  A rime drake (Lair:6)
  2 ice devils (Lair:6)
  A kobold demonologist (D:8)
  12 komodo dragons
  A tengu conjurer (D:13)
  3 trolls
  A polar bear (Lair:2)
  7 slime creatures
  Prince Ribbit (D:8)
  2 hornets
  14 dream sheep
  12 blink frogs
  3 wraiths
  40 yaks
  6 wyverns
  A basilisk (Lair:6)
  Grum (D:11)
  A steam dragon (D:8)
  2 vampire mosquitoes (D:13)
  6 wargs
  3 swamp worms (Lair:4)
  2 acid dragons
  19 water moccasins
  4 hell hounds (Lair:6)
  12 orc warriors
  A sky beast (D:7)
  2 ice beasts
  2 necrophages
  4 ogres
  24 wolves
  2 centaurs
  5 phantoms
  14 bullfrogs
  A gnoll sergeant (D:4)
  A kobold brigand (D:7)
  5 scorpions
  A water moccasin zombie (D:6)
  A water moccasin skeleton (D:4)
  3 killer bees (D:8)
  3 howler monkeys (D:11)
  7 electric eels
  2 bullfrog zombies
  2 centaur zombies
  A hound (D:6)
  2 jellies
  11 orc priests
  2 gnoll shamans
  A bullfrog skeleton (D:5)
  A centaur skeleton (D:7)
  5 iguanas
  8 orc wizards
  A hell rat (Lair:6)
  Terence (D:3)
  A howler monkey zombie (D:5)
  Robin (D:3)
  16 gnolls
  7 adders
  7 river rats (D:5)
  2 shadow imps
  2 white imps
  A worm (D:5)
  3 dart slugs
  32 orcs
  8 ball pythons
  2 endoplasms
  2 giant cockroaches
  15 goblins
  11 hobgoblins
  9 quokkas
  3 bats
  2 frilled lizards
  9 kobolds
  22 rats
509 creatures vanquished.

Vanquished Creatures (collateral kills)
  A deep elf pyromancer (D:14)
  An elephant (Lair:3)
  A black mamba (Lair:2)
  A cane toad (Lair:1)
  A troll (D:10)
  3 dream sheep (Lair:6)
  4 yaks
  A wyvern (Lair:6)
  3 water moccasins
  3 wolves
19 creatures vanquished.

Vanquished Creatures (others)
  2 cane toads
  A yak (D:11)
  A dart slug (D:4)
  An orc (D:6)
  An endoplasm (D:4)
  42 fungi
  57 plants
  11 toadstools (Lair:1)
116 creatures vanquished.

Grand Total: 644 creatures vanquished

Notes
Turn   | Place    | Note
-------+----------+-------------------------------------------
     0 | D:1      | Armakuni the Human Necromancer began the quest for the Orb.
     0 | D:1      | Reached XP level 1. HP: 13/13 MP: 3/3
   566 | D:1      | Reached XP level 2. HP: 18/19 MP: 3/5
  1499 | D:2      | Reached XP level 3. HP: 22/24 MP: 6/6
  1551 | D:2      | Noticed a phantom
  1607 | D:2      | Learned a level 3 spell: Vampiric Draining
  1960 | D:2      | Noticed a scorpion
  1969 | D:2      | Killed a scorpion
  1970 | D:2      | Reached skill level 5 in Necromancy
  1970 | D:2      | Reached XP level 4. HP: 24/30 MP: 7/7
  2138 | D:3      | Noticed Grinder
  2379 | D:3      | Reached XP level 5. HP: 27/35 MP: 8/8
  2384 | D:3      | Learned a level 4 spell: Animate Dead
  2681 | D:3      | Noticed Robin
  2694 | D:3      | Noticed Terence
  2696 | D:3      | Killed Robin
  2976 | D:3      | Killed Terence
  3032 | D:3      | Reached XP level 6. HP: 34/41 MP: 9/9
  3086 | D:3      | Paralysed by Grinder for 6 turns
  3351 | D:4      | Identified a scroll of acquirement
  3352 | D:4      | Acquired 855 gold pieces
  3664 | D:4      | Reached XP level 7. HP: 20/46 MP: 9/10
  4013 | D:4      | Found an iron altar of Okawaru.
  4014 | D:4      | Found a shimmering blue altar of Sif Muna.
  4015 | D:4      | Found an ornate altar of the Wu Jian Council.
  4015 | D:4      | Found a shadowy altar of Dithmenos.
  4227 | D:4      | Found a sacrificial altar of Ru.
  4286 | D:4      | Became a worshipper of Ru the Awakened
  4398 | D:5      | Entered Level 5 of the Dungeon
  4476 | D:5      | Reached XP level 8. HP: 31/52 MP: 3/11
  4999 | D:5      | Reached skill level 10 in Necromancy
  5918 | D:5      | Learned a level 5 spell: Agony
  5970 | D:5      | Reached skill level 5 in Spellcasting
  5970 | D:5      | Reached XP level 9. HP: 25/57 MP: 15/16
  6331 | D:6      | Noticed a hornet
  6331 | D:6      | Found a staircase to the Ecumenical Temple.
  6337 | D:5      | Killed a hornet
  6755 | D:6      | Reached skill level 5 in Evocations
  8121 | D:7      | Found a bloodstained altar of Trog.
  8136 | D:7      | Reached XP level 10. HP: 57/63 MP: 18/18
  8983 | D:7      | Found a radiant altar of Vehumet.
  9109 | D:7      | Found Xuowim's Armour Shoppe.
  9495 | D:8      | Noticed Joseph
  9501 | D:8      | Killed Joseph
  9553 | D:8      | Found a large runed translucent door.
  9557 | D:8      | Found a large runed translucent door.
  9625 | D:8      | Noticed Psyche
  9631 | D:8      | Killed Psyche
  9632 | D:8      | Reached skill level 10 in Evocations
  9633 | D:8      | Gained mutation: You cannot study or use magical devices.
                  | [Ru sacrifice]
  9633 | D:8      | Reached * piety under Ru
  9633 | D:8      | Reached ** piety under Ru
  9633 | D:8      | Reached *** piety under Ru
  9922 | D:8      | Noticed Prince Ribbit
  9932 | D:8      | Killed Prince Ribbit
 10152 | D:8      | Found a broken altar of Ashenzari.
 10426 | D:8      | Noticed Maurice
 10440 | D:8      | Killed Maurice
 10441 | D:8      | Reached skill level 1 in Fighting
 10441 | D:8      | Reached skill level 1 in Armour
 10692 | D:8      | Noticed a kobold demonologist
 10710 | D:8      | Killed a kobold demonologist
 10819 | D:8      | Found a sparkling altar of Nemelex Xobeh.
 10824 | D:8      | Found a glowing golden altar of the Shining One.
 10901 | D:9      | Reached XP level 11. HP: 68/73 MP: 19/20
 11318 | D:9      | Found a hide-covered altar of Uskayaw.
 11334 | D:9      | Found a white marble altar of Elyvilon.
 11817 | D:10     | Entered Level 10 of the Dungeon
 11840 | D:10     | Noticed a wizard
 11841 | D:10     | Noticed a two-headed ogre
 12218 | D:11     | Noticed Grum
 12237 | D:11     | Killed Grum
 12400 | D:11     | Noticed Urug
 12707 | D:11     | Noticed a death yak
 12733 | D:11     | Killed a death yak
 12825 | D:11     | Noticed a two-headed ogre
 12839 | D:11     | Killed a two-headed ogre
 12840 | D:11     | Reached skill level 5 in Fighting
 12840 | D:11     | Reached skill level 5 in Armour
 12908 | D:11     | Noticed a manticore
 12915 | D:11     | Noticed a death yak
 12916 | D:11     | Noticed a death yak
 12917 | D:11     | Noticed a death yak
 12919 | D:11     | Killed a manticore
 12957 | D:10     | Killed a death yak
 13197 | D:10     | Noticed a purple ugly thing
 13221 | D:11     | Killed a purple ugly thing
 13364 | D:11     | Killed Urug
 13671 | D:11     | Reached XP level 12. HP: 85/86 MP: 25/25
 13675 | D:11     | Reached skill level 1 in Axes
 13822 | D:11     | Noticed a death yak
 13857 | D:10     | Killed a death yak
 13858 | D:10     | Reached skill level 2 in Axes
 13957 | D:10     | Reached skill level 3 in Axes
 13996 | D:10     | Killed a two-headed ogre
 13997 | D:10     | Reached skill level 10 in Spellcasting
 14151 | D:10     | Found a snail-covered altar of Cheibriados.
 14293 | D:10     | Reached skill level 4 in Axes
 14464 | D:10     | Found a staircase to the Orcish Mines.
 14480 | D:10     | Reached skill level 5 in Axes
 14905 | D:11     | Killed a death yak
 14925 | D:11     | Killed a death yak
 14930 | D:11     | Reached skill level 6 in Axes
 15127 | D:11     | Found a staircase to the Lair.
 15191 | D:11     | Noticed Fannar
 15203 | D:11     | Killed Fannar
 16381 | D:12     | Noticed a great orb of eyes
 16391 | D:12     | Paralysed by a great orb of eyes for 4 turns
 16818 | D:12     | Noticed a two-headed ogre
 16820 | D:12     | Noticed Snorg
 16849 | D:11     | Killed a two-headed ogre
 16850 | D:11     | Reached skill level 7 in Axes
 16932 | Lair:1   | Entered Level 1 of the Lair of Beasts
 17078 | D:11     | Reached XP level 13. HP: 63/96 MP: 27/27
 17592 | Lair:1   | Reached skill level 8 in Axes
 18327 | Lair:1   | Noticed a four-headed hydra
 18337 | Lair:1   | Killed a one-headed hydra
 18558 | Lair:1   | Reached skill level 9 in Axes
 18575 | Lair:1   | Noticed a catoblepas
 18575 | Lair:1   | Noticed a catoblepas
 18644 | Lair:1   | Found a runed translucent door.
 20702 | Lair:2   | Reached skill level 10 in Axes
 20732 | Lair:2   | Noticed Gastronok
 20745 | Lair:2   | Killed Gastronok
 20746 | Lair:2   | Reached skill level 10 in Fighting
 20772 | Lair:2   | Upgraded the game from 0.28-a0-631-g0446da8ef9 to
                  | 0.28-a0-643-g84cb2ea78e
 21179 | Lair:3   | Noticed a five-headed hydra
 21179 | Lair:3   | Found the +2 robe of Vines {NoPotionHeal Regen+++}
 21192 | Lair:3   | Noticed a four-headed hydra
 21195 | Lair:3   | Killed a two-headed hydra
 21406 | Lair:3   | Noticed a six-headed hydra
 21415 | Lair:3   | Killed a one-headed hydra
 21627 | Lair:3   | Killed a one-headed hydra
 21628 | Lair:3   | Reached XP level 14. HP: 95/110 MP: 28/28
 21808 | Lair:3   | Reached skill level 11 in Axes
 22437 | Lair:3   | Reached skill level 5 in Dodging
 22920 | Lair:4   | Found a staircase to the Snake Pit.
 23258 | Lair:4   | Found a staircase to the Swamp.
 23889 | Lair:5   | Reached skill level 12 in Axes
 24223 | Lair:5   | Noticed Nessos
 24243 | Lair:5   | HP: 4/110 [Nessos/arrow (7)]
 24250 | Lair:5   | Killed Nessos
 24618 | Lair:5   | Reached skill level 13 in Axes
 25620 | Lair:5   | Found a staircase to the Slime Pits.
 26022 | Lair:6   | Entered Level 6 of the Lair of Beasts
 26284 | Lair:6   | Upgraded the game from 0.28-a0-643-g84cb2ea78e to
                  | 0.28-a0-653-g7e9dba17c3
 26454 | Lair:6   | Reached skill level 14 in Axes
 26920 | Lair:5   | Reached XP level 15. HP: 83/115 MP: 29/29
 27487 | Lair:6   | Reached skill level 15 in Axes
 28107 | Lair:6   | Found a burning altar of Makhleb.
 28527 | Lair:6   | Reached skill level 16 in Axes
 29015 | Lair:6   | Found a gateway to Hell.
 29287 | Orc:1    | Entered Level 1 of the Orcish Mines
 30167 | Orc:1    | Found a transporter.
 30169 | Orc:1    | Identified the +1 chain mail of Negation {Dex+3 SInv
                  | Stlth+}
 30169 | Orc:1    | Noticed a stone giant
 30169 | Orc:1    | Noticed Qeulocw's ghost (journeyman TrFi)
 30175 | Orc:1    | Found a transporter.
 30237 | Orc:1    | Found a bloodstained altar of Trog.
 30519 | Orc:2    | Entered Level 2 of the Orcish Mines
 30528 | Orc:2    | Found a staircase to the Elven Halls.
 30563 | Orc:2    | Noticed an orc warlord
 30737 | D:12     | Killed Snorg
 30817 | D:12     | Noticed Rupert
 30839 | D:12     | Killed Rupert
 31686 | D:13     | Noticed Sonja
 31698 | D:13     | Killed Sonja
 31699 | D:13     | Reached skill level 5 in Stealth
 31863 | D:13     | Found a portal to a secret trove of treasure.
 32559 | D:14     | Noticed Agnes
 32584 | D:14     | Killed Agnes
 33085 | D:14     | Found a gate to the Vaults.
 33492 | D:14     | HP: 5/104 [+5 long sword (15)]
 33492 | D:14     | Slain by a +5 long sword

Illustrated notes

Levels and vault maps discovered:
D:1:      psy_arrival_radial01, layout_basic
D:2:      layout_basic
D:3:      layout_basic, uniq_grinder, uniq_terence, uniq_robin
D:4:      layout_rooms, mainiacjoe_overflow_alcove_3, nicolae_ru_path_of_blood
D:5:      lemuel_ratsnest, layout_cave_pools, portal_sewer_entry_a
D:6:      layout_rooms, minmay_temple_entry_purple_smoke, serial_bayou,
          serial_bayou_pond_b, serial_bayou_ford_a, serial_bayou_pond_d,
          serial_bayou_crossing
D:7:      layout_basic, trog_butcher_becter, old_standard_altar, serial_shops,
          shop
D:8:      layout_loops_ring, mainiacjoe_overflow_alcove_2,
          jmf_multi_god_temple2, uniq_prince_ribbit1, uniq_maurice, uniq_psyche,
          uniq_joseph
D:9:      layout_rooms, mainiacjoe_overflow_big_doors, enter_bailey_4
D:10:     layout_irregular_city, lemuel_doored_altar, david_orc_1_choice,
          serial_column_ruins, column_ruins_hut, column_ruins_circle_medium,
          column_ruins_columns_dead_end, column_ruins_open_small,
          column_ruins_columns_dead_end, column_ruins_columns_straight,
          column_ruins_corridor_straight, column_ruins_columns_straight,
          kennysheep_generic_room_16
D:11:     layout_basic, dpeg_lair_monsters, uniq_fannar, uniq_grum, uniq_urug
D:12:     layout_loops_cross, uniq_snorg, uniq_rupert
D:13:     layout_roguey, nicolae_trove_entry_diagonal,
          small_chamber_with_monster, uniq_sonja
D:14:     layout_rooms, erik_vaults_1, kennysheep_crisscross, uniq_agnes
Lair:1:   gammafunk_lair_enchanted_lake, layout_layer_cave
Lair:2:   layout_long_grid, columned_hall_lemuel, beast_lair_carwin_9,
          uniq_gastronok
Lair:3:   layout_cellular_growth, hellmonk_guarded_unrand_vines,
          infiniplex_staircase_pool
Lair:4:   layout_long_grid, minmay_swamp_entry_worms, dummy_snake_entry,
          serial_bayou_lagoon_b
Lair:5:   layout_cave_pods, slime_dummy, lemuel_fruit_tree, grunt_megastairs_1,
          uniq_nessos
Lair:6:   evil_forest, layout_hall_layers, st_stairs_11
Orc:1:    layout_diamond_mine, gammafunk_ghost_wrathful_warriors,
          nicolae_orc_tapped_out
Orc:2:    st_orc_elflike, layout_diamond_mine, nicolae_orc_crystal_geode

Skill      XL: |  1  2  3  4  5  6  7  8  9 10 11 12 13 14 15 |
---------------+----------------------------------------------+-----
Necromancy     | 5 6 7 9 10 | 10.0
Spellcasting   | 5 6 9 10 | 10.0
Evocations     | 7 0 |  0.0
Fighting       | 2 5 7 10 | 10.0
Armour         | 2 5 |  5.7
Axes           | 7 10 14 16 | 16.0
Dodging        | 3 5 |  5.7
Stealth        | 7 |  7.3

Action                   |  1- 3 |  4- 6 |  7- 9 | 10-12 | 13-15 || total
-------------------------+-------+-------+-------+-------+-------++-------
Melee: Whip              |     1 |       |       |       |       ||     1
       Quarterstaff      |     4 |    42 |   247 |   177 |       ||   470
       War axe           |       |       |       |   170 |   793 ||   963
       Battleaxe         |       |       |       |       |   119 ||   119
Throw: Javelin           |       |       |       |       |     4 ||     4
       Dart              |       |       |       |       |     2 ||     2
 Cast: Pain              |    55 |    36 |    86 |    75 |    25 ||   277
       Vampiric Draining |       |     6 |    60 |   176 |   140 ||   382
       Animate Dead      |       |       |     3 |    27 |    36 ||    66
       Agony             |       |       |       |     1 |       ||     1
Invok: Sacrifice Artific |       |       |       |     1 |       ||     1
       Draw Out Power    |       |       |       |     1 |     9 ||    10
       Reject Sacrifices |       |       |       |     1 |     1 ||     2
Evoke: Wand              |       |       |    20 |    11 |       ||    31
  Use: Scroll            |     3 |     3 |     5 |     9 |    13 ||    33
       Potion            |       |     5 |     4 |     8 |    12 ||    29
 Stab: Distracted        |       |       |     1 |     1 |     7 ||     9
       Invisible         |       |       |       |     1 |     6 ||     7
       Sleeping          |       |       |       |       |     6 ||     6
Armor: Robe              |     3 |       |       |       |       ||     3
       Leather armour    |       |    11 |   158 |    41 |       ||   210
       Acid dragon scale |       |       |       |   195 |   440 ||   635
       Skin              |       |       |       |    33 |     9 ||    42
Dodge: Dodged            |    10 |    35 |   228 |   328 |   691 ||  1292

Table legend: (Time is in decaauts)
 A = Elapsed time spent in this place.
 B = Non-inter-level travel time spent in this place.
 C = Inter-level travel time spent in this place.
 D = Time resting spent in this place.
 E = Time spent auto-exploring this place.
 F = Levels seen in this place.
 G = Mean time per level.
                   A        B        C        D        E       F      G
               +--------+--------+--------+--------+--------+-----+--------+
         Total |  33709 |  32275 |   1434 |   9129 |  16670 |  22 | 1532.2 |
       Dungeon |  21219 |  20384 |    835 |   6262 |   9702 |  14 | 1515.6 |
          Lair |  11676 |  11143 |    533 |   2845 |   6393 |   6 | 1946.0 |
  Orcish Mines |    813 |    748 |     65 |     21 |    575 |   2 |  406.5 |
               +--------+--------+--------+--------+--------+-----+--------+

Top non-repeatable levels by time:
    D:11: 3534 daAuts
  Lair:6: 2603 daAuts
  Lair:5: 2530 daAuts
  Lair:1: 2425 daAuts
    D:10: 2185 daAuts
     D:5: 1988 daAuts
  Lair:3: 1650 daAuts
     D:4: 1492 daAuts
     D:7: 1462 daAuts
     D:8: 1448 daAuts
    D:13: 1415 daAuts
  Lair:2: 1387 daAuts
     D:6: 1365 daAuts
     D:2: 1279 daAuts
     D:9: 1210 daAuts
